Map: Abyssal Reef LE

Players

AdminC (Bioice)

  • Race: Zerg Zerg
  • Spawn Location: 5:00

Ziggy - Winner!

  • Race: Terran Terran
  • Spawn Location: 11:00

Event: WCS Montreal 2017

VOD

Have the link to the VOD?

Description

Time

  • Played on: Sept. 8, 2017, 2:32 p.m.
  • Length: 7:54

All games in this series

Show
View Real Time Build Order
Export as new Build Order

AdminC Zerg 

Build Orders: Hatch First 

Get SALT Encoding   

  12  0:01  Drone  
  13  0:12  Overlord  
  13  0:17  Drone  
  14  0:31  Drone x2  
  16  0:52  Drone, Hatchery  
  16  0:56  Drone  
  17  0:59  Drone  
  18  1:08  Extractor  
  17  1:15  Spawning Pool  
  17  1:18  Drone  
  17  1:22  Drone  
  18  1:30  Drone  
  19  1:40  Overlord  
  19  1:49  Drone  
  20  2:03  Queen  
  20  2:04  Queen  
  20  2:05  Zergling x4  
  20  2:07  Metabolic Boost  
  26  2:16  Drone x2  
  28  2:25  Drone  
  28  2:29  Drone  
  29  2:43  Zergling x4  
  30  2:46  Hatchery  
  28  2:54  Overlord  
  28  2:57  Queen  
  30  3:00  Zergling x2  
  30  3:03  Zergling x2  
  30  3:04  Zergling x2  
  33  3:14  Zergling x2  
  33  3:15  Zergling x6  
  37  3:20  Zergling x4  
  37  3:21  Zergling x2  
  40  3:27  Zergling x4  
  40  3:28  Zergling x2  
  43  3:40  Zergling x2  
  43  3:41  Zergling x2  
  43  3:53  Overlord x2  
  43  4:03  Zergling x2  
  43  4:05  Hatchery  
  43  4:08  Zergling x2  
  44  4:11  Zergling x6  
  44  4:15  Zergling x4  
  45  4:27  Drone  
  45  4:28  Drone  
  43  4:40  Drone x2  
  43  4:44  Drone x2  
  45  4:49  Queen x2  
  49  4:54  Drone x2  
  48  5:02  Zergling x6  
  48  5:03  Zergling x6  
  54  5:08  Zergling x2  
  54  5:14  Drone  
  56  5:19  Drone  
  56  5:20  Drone  
  58  5:25  Queen  
  58  5:28  Evolution Chamber  
  59  5:29  Overlord, Evolution Chamber  
  59  5:30  Queen  
  59  5:32  Drone x3  
  63  5:44  Drone  
  63  5:45  Drone x2  
  63  5:49  Drone x3  
  65  6:04  Drone x5  
  65  6:05  Drone x3  
  69  6:13  Drone x3  
  71  6:23  Drone x2  
  71  6:24  Drone  
  73  6:27  Overlord x2  
  73  6:31  Extractor  
  72  6:33  Extractor, Drone x2  
  72  6:34  Extractor  
  72  6:36  Zergling x12  
  70  6:59  Zergling x2  
  70  7:00  Zergling x20  
  78  7:05  Zergling x2  
  78  7:07  Queen x2  
  78  7:08  Zergling x4  
  74  7:09  Zergling x4  
  74  7:13  Zergling x4  
  74  7:15  Zergling x2  
  67  7:25  Zergling x2  
  67  7:26  Zergling x2  
  66  7:30  Zergling x10  
  66  7:34  Zergling x2  
  66  7:35  Hatchery  
Show
View Real Time Build Order
Export as new Build Order

Ziggy Terran - Winner!

Build Orders:  

Get SALT Encoding   

  12  0:00  SCV  
  13  0:12  SCV  
  14  0:17  Supply Depot  
  14  0:24  SCV  
  15  0:38  SCV  
  15  0:40  Barracks  
  16  0:45  Refinery  
  16  0:50  SCV  
  17  1:00  Barracks  
  17  1:04  SCV  
  18  1:16  SCV  
  19  1:28  Reaper  
  19  1:29  Orbital Command  
  20  1:36  Barracks  
  20  1:43  Refinery  
  20  1:47  Reaper  
  20  1:54  Supply Depot  
  21  1:58  SCV  
  22  2:04  Reaper  
  24  2:15  SCV  
  24  2:19  Reaper  
  25  2:26  Reaper  
  25  2:29  SCV  
  28  2:37  Reaper  
  28  2:46  Command Center  
  28  2:51  Reaper  
  28  2:54  Supply Depot  
  28  2:58  Reaper  
  30  3:00  SCV  
  31  3:13  SCV  
  31  3:16  Reaper  
  32  3:21  Barracks  
  32  3:24  Reaper  
  32  3:26  SCV  
  34  3:30  Reaper  
  35  3:38  SCV  
  37  3:48  Reaper  
  37  3:50  SCV  
  37  3:51  Barracks  
  38  3:56  Reaper  
  38  4:01  Orbital Command  
  38  4:02  SCV, Reaper  
  41  4:14  SCV  
  39  4:30  SCV, Reaper x2  
  42  4:32  Supply Depot  
  42  4:33  Supply Depot  
  42  4:34  Reaper  
  42  4:38  SCV  
  42  4:42  Reaper  
  42  4:45  SCV  
  44  4:49  Reaper  
  44  4:50  SCV  
  46  4:57  SCV  
  47  5:02  SCV, Reaper x2  
  47  5:06  Reaper  
  51  5:09  SCV  
  51  5:10  Supply Depot  
  52  5:17  Supply Depot, Reaper  
  52  5:18  SCV  
  54  5:21  SCV, Reaper  
  54  5:27  Refinery  
  56  5:29  Supply Depot  
  56  5:30  SCV  
  56  5:34  SCV, Reaper  
  59  5:39  Reaper  
  59  5:42  SCV  
  61  5:46  SCV  
  62  5:55  Command Center  
  62  6:00  Reaper x2  
  62  6:04  Reaper  
  62  6:08  Reaper  
  64  6:21  Reaper  
  64  6:24  SCV  
  64  6:25  SCV  
  65  6:28  Refinery  
  65  6:30  Supply Depot x2  
  66  6:32  Reaper  
  66  6:33  Reaper  
  66  6:37  SCV x2  
  66  6:38  Reaper  
  70  6:42  Reaper  
  71  6:49  SCV x2  
  73  7:05  Reaper  
  73  7:06  SCV x2  
  74  7:11  Orbital Command  
  74  7:14  Reaper  
  76  7:20  Engineering Bay  
  76  7:21  Engineering Bay, Barracks Tech Lab  
Tags
 
Add a new tag
Caveats
  • Supply blocks, unpowered buildings, or Contaminate may cause inaccurate times.
  • Supply counts are checked every 10 seconds.